 Dungeon Crawl Stone Soup version 0.30-a0-385-gfebfb9b408 (webtiles) character file.

Game seed: 13950755182748144124

33 IdlyInterested the Firebug (level 3, -1/27 HPs)
             Began as a Demonspawn Wanderer on Dec 2, 2022.
             Slain by a goblin
             ... wielding a +0 club
             ... led by Robin
              (4 damage)
             ... on level 2 of the Dungeon.
             The game lasted 00:03:19 (1002 turns).

IdlyInterested the Firebug (Demonspawn Wanderer)    Turns: 1002, Time: 00:03:20

Health: -1/27      AC:  2    Str: 11    XL:     3   Next: 12%
Magic:  6/6        EV: 12    Int: 16    God:
Gold:   40         SH:  0    Dex: 12    Spells: 5/6 levels left

rFire   . . .      SeeInvis .    h - +0 short sword
rCold   . . .      Faith    .    (no shield)
rNeg    . . .      Spirit   .    c - +0 robe
rPois   .          Reflect  .    (no helmet)
rElec   .          Harm     .    (no cloak)
rCorr   .          Rampage  .    (no gloves)
Will    .....                    (no boots)
Stlth   +.........               e - amulet of the acrobat
HPRegen 0.24/turn                (no ring)
MPRegen 0.10/turn                (no ring)

@: attractive
A: spiny 1, demonic touch 1
a: no special abilities


You were on level 2 of the Dungeon.
You visited 1 branch of the dungeon, and saw 2 of its levels.

You collected 40 gold pieces.

Inventory:

Hand Weapons
 a - a +0 dagger
 h - a +0 short sword (weapon)
Missiles
 f - 13 stones (quivered)
Armour
 c - a +0 robe (worn)
 d - a +0 pair of gloves
 m - a +0 leather armour
Jewellery
 e - an amulet of the acrobat (around neck)
Scrolls
 b - a scroll of teleportation
 g - a scroll of magic mapping {unknown}
 i - a scroll of enchant armour {unknown}
 k - a scroll of blinking {unknown}
 l - a scroll of identify {unknown}


   Skills:
 * Level 1.8 Fighting
 - Level 3.0 Dodging
 - Level 2.0 Spellcasting
 - Level 1.0 Conjurations
 - Level 4.0 Fire Magic


You had 5 spell levels left.
You knew the following spells:

 Your Spells              Type           Power      Damage    Failure   Level
a - Foxfire               Conj/Fire      36%        2x1d5     8%          1

Your spell library contained the following spells:

 Spells                   Type           Power      Damage    Failure   Level
 Kindle Blastsparks       Fire/Tloc/Air  10%        2d10      36%         3
 Mephitic Cloud           Conj/Pois/Air  2%         N/A       47%         3
 Flame Wave               Conj/Fire      9%         2d6       58%         4


Dungeon Overview and Level Annotations

Branches:
Dungeon (2/15)

Altars:
Sif Muna

Annotations:
D:2 Terence


Innate Abilities, Weirdness & Mutations

You are partially covered in sharp spines.
Your touch may inflict minor irresistible damage on your foes.


Message History

Increase (S)trength, (I)ntelligence, or (D)exterity?
You feel clever. x2; Your demonic ancestry asserts itself...
Sharp spines emerge from parts of your body.
You closely miss the goblin. Your touch misses the goblin.
The goblin is struck by your spines.
You kill the goblin!
The goblin is struck by your spines. The goblin hits you with a +0 dagger.
You hit the goblin.
You kill the goblin!
The goblin closely misses you. The goblin attacks as you move away!
The goblin is struck by your spines. The goblin hits you with a +0 club.
* * * LOW HITPOINT WARNING * * *
Things that are here:
a +0 dagger; a goblin corpse It was a potion of attraction.
You feel attractive to monsters.
The hobgoblin no longer looks unusually strong.
The goblin is struck by your spines. The goblin hits you with a +0 club.
* * * LOW HITPOINT WARNING * * *
You hit the goblin.
You kill the goblin!
The hobgoblin is attracted toward you.
You hit the hobgoblin but do no damage.
The hobgoblin no longer looks unusually strong.
The hobgoblin hits you.
* * * LOW HITPOINT WARNING * * *
A goblin comes into view. It is wielding a +0 club.
The goblin is attracted toward you.
Unknown command.
The goblin shouts!
You hit the goblin but do no damage. The goblin is struck by your spines.
The goblin barely misses you. The hobgoblin is struck by your spines.
The hobgoblin barely misses you.
You barely miss the goblin. Your touch misses the goblin.
The goblin is moderately wounded.
The hobgoblin barely misses you.
A goblin comes into view. It is wielding a +0 dagger.
The goblin hits you with a +0 club.
You die...

######### ........# #g=.
...# .g######.##.....
.gg.g..........#
.#######g#####.#.##
###########.ggg@g......
##...8....##..#####.....
.......8⌠.##..# ..#
.#.#####8.##..# .
.......#..##..#
.#.#.#.#..##..#
.......#..#...#
.......#..###.##
..._...#.8###..#


You could see 2 hobgoblins and 3 goblins.

Vanquished Creatures
  Robin (D:2)
  A dart slug (D:1)
  A giant cockroach (D:2)
  5 goblins (D:2)
  5 hobgoblins
  3 kobolds (D:1)
  A quokka (D:1)
  A frilled lizard (D:2)
18 creatures vanquished.

Vanquished Creatures (others)
  10 foxfires (D:1)
10 creatures vanquished.

Grand Total: 28 creatures vanquished

Notes
Turn   | Place    | Note
-------+----------+-------------------------------------------
     0 | D:1      | IdlyInterested the Demonspawn Wanderer began the quest for
                  | the Orb.
     0 | D:1      | IdlyInterested set off with the following items: a +0
                  | dagger, a scroll of teleportation, a +0 robe, a +0 pair of
                  | gloves; and the following spells available to memorise:
                  | Foxfire, Kindle Blastsparks, Mephitic Cloud, Flame Wave.
     0 | D:1      | Reached XP level 1. HP: 13/13 MP: 3/3
     3 | D:1      | Learned a level 1 spell: Foxfire
   684 | D:1      | Gained mutation: Your touch may inflict minor irresistible
                  | damage on your foes. [demonic ancestry]
   684 | D:1      | Reached XP level 2. HP: 12/20 MP: 5/5
   839 | D:2      | Reached skill level 1 in Fighting
   843 | D:2      | Found a shimmering blue altar of Sif Muna.
   885 | D:2      | Noticed Terence
   885 | D:2      | Found a faded altar of an unknown god.
   980 | D:2      | Noticed Robin
   994 | D:2      | Killed Robin
   995 | D:2      | Reached skill level 4 in Fire Magic
   995 | D:2      | Gained mutation: You are partially covered in sharp spines.
                  | [demonic ancestry]
   995 | D:2      | Reached XP level 3. HP: 15/26 MP: 6/6
  1002 | D:2      | Slain by a goblin

Illustrated notes

Levels and vault maps discovered:
D:1:      dpeg_arrival_stone_temple_mockup, layout_basic
D:2:      layout_loops_ring, basic_altar, nicolae_ecumenical_oubliette,
          minmay_crystal_room, chequers_decorated_corner, uniq_terence,
          uniq_robin

Skill      XL: |  1  2 |
---------------+-------+-----
Dodging        | 3 |  3.0
Fighting       | 1 |  1.8
Fire Magic     | 4 |  4.0
Spellcasting   | |  2.0
Conjurations   | |  1.0

Action                   || total
-------------------------++-------
Melee: Dagger            ||    11
       Short sword       ||    29
       Touch             ||     6
Throw: Stone             ||     8
 Cast: Foxfire           ||     6
  Use: Potion            ||     1
Armor: Robe              ||     4
Dodge: Dodged            ||    28

Table legend: (Time is in decaauts)
 A = Elapsed time spent in this place.
 B = Non-inter-level travel time spent in this place.
 C = Inter-level travel time spent in this place.
 D = Time resting spent in this place.
 E = Time spent auto-exploring this place.
 F = Levels seen in this place.
 G = Mean time per level.
                   A        B        C        D        E       F      G
               +--------+--------+--------+--------+--------+-----+--------+
         Total |   1003 |    873 |    130 |     96 |    579 |   2 |  501.5 |
       Dungeon |   1003 |    873 |    130 |     96 |    579 |   2 |  501.5 |
               +--------+--------+--------+--------+--------+-----+--------+

Top non-repeatable levels by time:
     D:1: 909 daAuts
     D:2: 94 daAuts
